 Dungeon Crawl Stone Soup version 0.29-a0-330-g52719c12eb (webtiles) character file.

Game seed: 2139564648944445071

4776 kae the Firebug (level 10, -6/83 HPs)
             Began as a Demigod Fire Elementalist on May 9, 2022.
             Mangled by a yak (10 damage)
             ... on level 9 of the Dungeon.
             The game lasted 00:09:09 (9791 turns).

kae the Firebug (Demigod Fire Elementalist)         Turns: 9791, Time: 00:09:09

Health: -6/83      AC:  6    Str:  9    XL:     10   Next: 3%
Magic:  14/23      EV: 15    Int: 29    God:
Gold:   406        SH:  0    Dex: 14    Spells: 8/21 levels left

rFire   . . .      SeeInvis .   o - +0 spear (flame)
rCold   . . .      Faith    .   (no shield)
rNeg    . . .      Spirit   .   a - +0 robe
rPois   .          Reflect  .   (no helmet)
rElec   .          Harm     .   d - scarf {+Inv}
rCorr   .          Rampage  .   (no gloves)
Will    ++...                   (no boots)
Stlth   ++........              h - amulet of magic regeneration
HPRegen 0.23/turn               u - +4 ring of protection
MPRegen 0.58/turn               n - ring of willpower

@: no status effects
A: high MP 1, forlorn, divine attributes
a: Evoke Invisibility


You were on level 9 of the Dungeon.
You visited 1 branch of the dungeon, and saw 9 of its levels.

You collected 442 gold pieces.
You spent 36 gold pieces at shops.

Inventory:

Hand Weapons
 e - a +0 short sword
 o - a +0 spear of flaming (weapon)
Armour
 a - a +0 robe (worn)
 d - a scarf of invisibility (worn)
 z - a +0 cloak
Jewellery
 h - an amulet of magic regeneration (around neck)
 n - a ring of willpower (right hand)
 p - an amulet of reflection
 u - a +4 ring of protection (left hand)
 w - a ring of protection from cold
 C - a +4 ring of protection
Wands
 v - a wand of iceblast (7)
 y - a wand of flame (46)
Scrolls
 f - 3 scrolls of fear
 j - 2 scrolls of blinking
 r - 6 scrolls of fog
 t - 4 scrolls of teleportation
 x - 3 scrolls of amnesia
 A - 3 scrolls of identify
 E - a scroll of holy word {unknown}
Potions
 b - a potion of magic
 c - a potion of heal wounds
 g - 3 potions of haste
 i - a potion of berserk rage
 k - 9 potions of curing
 l - a potion of mutation
 m - 2 potions of attraction
 q - 2 potions of cancellation
 s - a potion of degeneration
 B - 2 potions of flight
 D - a potion of might


   Skills:
 + Level 6.1 Fighting
 + Level 6.7 Dodging
 - Level 1.7 Stealth
 + Level 6.0 Spellcasting
 + Level 6.1 Conjurations
 + Level 6.8 Fire Magic
 + Level 6.3 Evocations


You had 8 spell levels left.
You knew the following spells:

 Your Spells              Type           Power      Damage    Failure   Level
a - Foxfire               Conj/Fire      100%       2x1d9     1%          1
b - Scorch                Fire           96%        2d10      1%          2
c - Conjure Flame         Conj/Fire      46%        6-21      1%          3
d - Inner Flame           Hex/Fire       28%        N/A       4%          3
e - Flame Wave            Conj/Fire      46%        2d10      3%          4

Your spell library contained the following spells:

 Spells                   Type           Power      Damage    Failure   Level
 Ignite Poison            Fire/Tmut/Pois 22%        N/A       7%          3
 Mephitic Cloud           Conj/Pois/Air  20%        N/A       8%          3
 Gell's Gravitas          Tloc           8%         N/A       17%         3
 Lesser Beckoning         Tloc           8%         N/A       17%         3
 Summon Guardian Golem    Hex/Summ       8%         N/A       17%         3
 Teleport Other           Tloc           8%         N/A       17%         3
 Freezing Cloud           Conj/Ice/Air   10%        6-21      56%         5
 Orb of Destruction       Conj           22%        9d8       98%         7
 Spellforged Servitor     Conj/Summ      13%        N/A       100%        7


Dungeon Overview and Level Annotations

Branches:
Dungeon (9/15)             Temple (0/1) D:6
   Lair: D:8-11         Orc: D:9-12

Shops:
D:4 *[   D:7 *   D:8 !

Annotations:
D:4 1 runed translucent door, Losyloc's ghost, amateur OpCK
D:5 3 runed translucent doors, benappo's ghost, amateur KoAM


Innate Abilities, Weirdness & Mutations

You have an increased reservoir of magic. (+10% MP)
You shall have no god before yourself.
Your divine heritage dramatically boosts your attributes as you level up.


Message History

The bullfrog hits you.
You have reached level 10!
A wave of flame ripples out!
The flame wave engulfs the yak!
The yak is heavily wounded.
The flame wave engulfs the yak.
The yak is lightly wounded.
The flame wave engulfs the bullfrog!
The bullfrog is almost dead.
The flame wave engulfs the yak.
The yak is lightly wounded.
The bullfrog hits you but does no damage.
The yak barely misses you.
A wave of flame ripples out!
The flame wave engulfs the yak!
The yak is severely wounded.
The flame wave engulfs the yak but does no damage.
The yak is lightly wounded.
The flame wave engulfs the yak!
The yak is heavily wounded.
The flame wave engulfs the bullfrog!
You kill the bullfrog!
You finish channelling waves of flame.
The yak gores you but does no damage. The yak gores you!
* * * LOW HITPOINT WARNING * * *
The yak gores you!
* * * LOW HITPOINT WARNING * * *
Casting: Flame Wave (dangerous; 3% risk of failure)
Confirm with . or Enter, or press ? or * to list all spells.
Casting: Flame Wave (dangerous; 3% risk of failure)
Press: ? - help, Dir - look around, f - activate A wave of flame ripples out!
The flame wave engulfs the yak!
The yak is almost dead.
The flame wave engulfs the yak!
The yak is moderately wounded.
The flame wave engulfs the yak!
The yak is severely wounded. (Press . to intensify the flame waves.)
The yak gores you.
* * * LOW HITPOINT WARNING * * *
The yak gores you!
You die...

... ........# ..
#.......#
###'###.......#
#.............#
#.............#
+.............#
#.............#
#.....YY......#
#######@Y.....#
#.......#
#.......#
#.......#
#.......#
#####+####.###'###
......#..).#.>...#
......'.)..#.....#
.....#....#.....#


You could see 3 yaks.

Vanquished Creatures
  A kobold demonologist (D:9)
  A hornet (D:7)
  A wyvern (D:7)
  5 yaks (D:9)
  Menkaure (D:6)
  A water moccasin (D:8)
  A black bear (D:5)
  2 orc warriors
  An ice beast (D:3)
  A sky beast (D:6)
  2 ogres (D:5)
  2 centaurs
  A phantom (D:5)
  3 kobold brigands (D:9)
  2 bullfrogs
  A necrophage (D:5)
  A scorpion (D:4)
  7 wights (D:8)
  9 killer bees (D:8)
  2 howler monkeys (D:5)
  7 hounds
  An orc priest (D:7)
  2 jellies
  An iguana (D:4)
  5 orc wizards
  7 gnolls (D:7)
  9 adders
  2 white imps
  3 ufetubi
  2 worms (D:2)
  3 dart slugs
  15 orcs
  8 ball pythons
  7 endoplasms
  3 giant cockroaches (D:1)
  8 goblins
  4 hobgoblins
  6 jackals
  A quokka (D:5)
  3 frilled lizards
  7 kobolds
  10 rats
159 creatures vanquished.

Vanquished Creatures (collateral kills)
  8 foxfires (D:2)
8 creatures vanquished.

Vanquished Creatures (others)
  516 foxfires
516 creatures vanquished.

Grand Total: 683 creatures vanquished

Notes
Turn   | Place    | Note
-------+----------+-------------------------------------------
     0 | D:1      | kae the Demigod Fire Elementalist began the quest for the
                  | Orb.
     0 | D:1      | Reached XP level 1. HP: 14/14 MP: 5/5
   165 | D:1      | Reached skill level 1 in Conjurations
   675 | D:1      | Reached XP level 2. HP: 22/22 MP: 2/7
   744 | D:1      | Learned a level 2 spell: Scorch
  1601 | D:2      | Reached XP level 3. HP: 12/27 MP: 1/8
  1605 | D:2      | Learned a level 3 spell: Conjure Flame
  2035 | D:2      | Reached skill level 1 in Fighting
  2037 | D:2      | Reached skill level 1 in Evocations
  2624 | D:3      | Reached XP level 4. HP: 35/35 MP: 4/10
  2844 | D:3      | Noticed an ice beast
  2853 | D:3      | Killed an ice beast
  2854 | D:3      | Reached XP level 5. HP: 18/40 MP: 2/11
  3616 | D:4      | Found Sayx's Antique Armour Emporium.
  3711 | D:4      | Found a runed translucent door.
  3713 | D:4      | Noticed Losyloc's ghost (amateur OpCK)
  3851 | D:4      | Reached XP level 6. HP: 48/48 MP: 7/13
  4022 | D:4      | Found Addoepto's Alliterative Accessories.
  4398 | D:4      | Reached skill level 5 in Fighting
  4398 | D:4      | Reached skill level 5 in Dodging
  4398 | D:4      | Reached skill level 5 in Spellcasting
  4398 | D:4      | Reached skill level 5 in Conjurations
  4398 | D:4      | Reached skill level 5 in Fire Magic
  4398 | D:4      | Reached skill level 5 in Evocations
  4398 | D:4      | Reached XP level 7. HP: 61/61 MP: 14/18
  4410 | D:4      | Learned a level 3 spell: Inner Flame
  4415 | D:4      | Learned a level 4 spell: Flame Wave
  4432 | D:5      | Entered Level 5 of the Dungeon
  4745 | D:5      | Reached XP level 8. HP: 51/68 MP: 15/19
  5117 | D:5      | Found a runed translucent gate.
  5117 | D:5      | Found a runed translucent gate.
  5117 | D:5      | Noticed benappo's ghost (amateur KoAM)
  5118 | D:5      | Found a runed translucent gate.
  5193 | D:6      | Found a staircase to the Ecumenical Temple.
  5773 | D:6      | Noticed Menkaure
  5782 | D:6      | Killed Menkaure
  6346 | D:7      | Found a flagged portal.
  6710 | D:7      | Found Osiosamn's Overcharged Wands.
  6812 | D:7      | Noticed a hornet
  6821 | D:7      | Killed a hornet
  7056 | D:7      | Reached XP level 9. HP: 50/74 MP: 12/20
  7581 | D:8      | Found Bellugaob's Distillery.
  7585 | D:8      | Bought a potion of flight for 36 gold pieces
  8490 | D:8      | Noticed a moth of wrath
  9518 | D:9      | Noticed a kobold demonologist
  9528 | D:9      | Killed a kobold demonologist
  9789 | D:9      | Reached XP level 10. HP: 32/83 MP: 19/23
  9791 | D:9      | HP: 4/83 [yak (3)]
  9791 | D:9      | Mangled by a yak

Illustrated notes

Levels and vault maps discovered:
D:1:      scummos_arrival_star, layout_basic
D:2:      layout_rooms, basic_altar, shapermc_ecumenical_altar_ellora,
          minivault_24
D:3:      layout_loops_cross, zin_statuary, hex_tiny, minivault_27
D:4:      layout_loops_ring, minmay_overflow_temple_star_hex,
          nicolae_ru_sacrificial_ziggurat, hellmonk_ghost_happy_afterlife,
          nicolae_alphabet_shops, nicolae_take_the_stairs
D:5:      layout_cave_pools, nzn_wu_jian_contemplation,
          gammafunk_ghost_nasty_kobolds
D:6:      layout_loops_ring, kennysheep_mini_moat, minmay_temple_entry_trees,
          uniq_menkaure
D:7:      layout_loops_ring, enter_bailey_3, nicolae_shop_overcharged_wands
D:8:      layout_loops_corners, tgw_trog, serial_shops, shop_statue,
          serial_bayou_crossing
D:9:      statuecave_lemuel, layout_grid_maze, mainiacjoe_overflow_24_doors,
          minivault_23

Skill      XL: |  1  2  3  4  5  6  7  8  9 |
---------------+----------------------------+-----
Conjurations   | 1 2 5 6 |  6.1
Dodging        | 2 3 5 6 |  6.7
Spellcasting   | 2 5 6 |  6.0
Fire Magic     | 3 5 6 |  6.8
Fighting       | 1 2 5 6 |  6.1
Evocations     | 1 2 5 6 |  6.3
Stealth        | |  1.7

Action                   |  1- 3 |  4- 6 |  7- 9 | 10-12 || total
-------------------------+-------+-------+-------+-------++-------
Melee: Unarmed           |     4 |       |       |       ||     4
       Short sword       |     7 |       |       |       ||     7
       Spear             |       |       |    11 |       ||    11
 Cast: Foxfire           |    97 |    46 |   173 |       ||   316
       Scorch            |     3 |    13 |    41 |       ||    57
       Conjure Flame     |       |     1 |     6 |       ||     7
       Flame Wave        |       |       |     5 |     1 ||     6
       Inner Flame       |       |       |     9 |       ||     9
  Use: Scroll            |     5 |     7 |     8 |       ||    20
       Potion            |       |     1 |     2 |       ||     3
Armor: Robe              |     3 |     1 |    16 |     2 ||    22
Dodge: Dodged            |    13 |    12 |    98 |     1 ||   124

Table legend: (Time is in decaauts)
 A = Elapsed time spent in this place.
 B = Non-inter-level travel time spent in this place.
 C = Inter-level travel time spent in this place.
 D = Time resting spent in this place.
 E = Time spent auto-exploring this place.
 F = Levels seen in this place.
 G = Mean time per level.
                   A        B        C        D        E       F      G
               +--------+--------+--------+--------+--------+-----+--------+
         Total |   9815 |   9552 |    263 |    563 |   7709 |   9 | 1090.6 |
       Dungeon |   9815 |   9552 |    263 |    563 |   7709 |   9 | 1090.6 |
               +--------+--------+--------+--------+--------+-----+--------+

Top non-repeatable levels by time:
     D:8: 1847 daAuts
     D:7: 1660 daAuts
     D:1: 1447 daAuts
     D:3: 1164 daAuts
     D:2: 996 daAuts
     D:4: 821 daAuts
     D:5: 760 daAuts
     D:6: 661 daAuts
     D:9: 455 daAuts
